Map: Frozen Temple

Players

oliM - Winner!

  • Race: Protoss Protoss
  • League: Grandmaster

Alluton

  • Race: Protoss Protoss
  • League: Master

VOD

Have the link to the VOD?

Description

Time

  • Played on: May 16, 2016, 1:52 a.m.
  • Length: 10:32
Show
View Real Time Build Order
Export as new Build Order

oliM Protoss - Winner!

Build Orders:  

Get SALT Encoding   

  12  0:01  Probe (Chrono Boost)  
  13  0:12  Probe (Chrono Boost)  
  14  0:18  Pylon  
  14  0:22  Probe (Chrono Boost)  
  15  0:36  Gateway, Probe (Chrono Boost)  
  16  0:47  Probe (Chrono Boost)  
  16  0:48  Assimilator  
  17  0:54  Assimilator  
  17  0:57  Probe (Chrono Boost)  
  18  1:08  Gateway, Probe (Chrono Boost)  
  20  1:18  Probe (Chrono Boost)  
  20  1:25  Cybernetics Core  
  20  1:29  Probe (Chrono Boost)  
  21  1:37  Pylon  
  21  1:40  Probe (Chrono Boost)  
  22  1:51  Probe (Chrono Boost)  
  23  2:02  Adept (Chrono Boost)  
  23  2:05  Mothership Core (Chrono Boost), Adept (Chrono Boost)  
  29  2:10  Warp Gate (Chrono Boost)  
  29  2:21  Pylon  
  29  2:36  Stalker (Chrono Boost)  
  31  2:40  Stalker (Chrono Boost)  
  33  3:00  Nexus  
  33  3:23  Probe (Chrono Boost)  
  34  3:33  Robotics Facility  
  32  3:35  Probe (Chrono Boost)  
  32  3:36  Twilight Council  
  33  3:46  Probe (Chrono Boost)  
  34  3:57  Pylon, Probe  
  35  4:09  Probe  
  34  4:12  Blink (Chrono Boost)  
  34  4:16  Sentry x2  
  38  4:17  Probe  
  38  4:21  Probe  
  38  4:22  Observer (Chrono Boost)  
  41  4:31  Probe  
  41  4:34  Probe  
  43  4:41  Observer (Chrono Boost)  
  43  4:43  Adept x2, Probe  
  49  4:46  Probe  
  49  4:49  Gateway  
  50  4:54  Probe (Chrono Boost)  
  50  4:58  Probe (Chrono Boost)  
  52  5:04  Immortal  
  52  5:06  Probe (Chrono Boost)  
  57  5:09  Probe (Chrono Boost)  
  57  5:12  Forge  
  58  5:16  Probe (Chrono Boost)  
  58  5:20  Probe (Chrono Boost)  
  60  5:31  Probe (Chrono Boost)  
  60  5:33  Assimilator  
  60  5:34  Assimilator  
  61  5:41  Probe (Chrono Boost)  
  61  5:42  Protoss Ground Weapons Level 1  
  62  5:48  Nexus  
  62  5:49  Pylon  
  62  5:50  Pylon  
  62  6:07  Probe x2  
  64  6:11  Gateway x2  
  64  6:15  Gateway  
  64  6:19  Immortal (Chrono Boost)  
  64  6:20  Probe x2  
  70  6:32  Gateway, Probe x2  
  72  6:34  Gateway  
  72  6:43  Robotics Bay  
  72  6:44  Probe x2  
  74  6:56  Probe x2  
  74  7:00  Probe  
  76  7:08  Probe x2  
  79  7:11  Photon Cannon, Probe  
  80  7:20  Immortal (Chrono Boost), Stalker x2  
  80  7:21  Stalker  
  90  7:25  Pylon  
  90  7:26  Sentry  
  92  7:32  Pylon  
  92  7:34  Pylon  
  92  7:43  Stalker x2  
  92  7:44  Stalker  
  96  7:54  Disruptor (Chrono Boost)  
  96  7:55  Protoss Ground Weapons Level 2  
  96  7:56  Probe  
  92  7:58  Stalker x3  
  92  7:59  Stalker  
  92  8:00  Probe  
  92  8:03  Probe  
  102  8:06  Probe  
  102  8:07  Photon Cannon  
  102  8:12  Probe  
  104  8:17  Stalker  
  106  8:22  Photon Cannon  
  106  8:25  Sentry  
  106  8:26  Stalker  
  110  8:27  Stalker  
  110  8:30  Probe  
  110  8:31  Disruptor (Chrono Boost)  
  110  8:34  Probe  
  117  8:44  Pylon  
  117  8:46  Pylon  
  117  8:49  Assimilator  
  117  8:50  Pylon  
  117  8:51  Pylon  
  117  8:53  Assimilator  
  117  8:56  Photon Cannon  
  117  9:00  Pylon, Photon Cannon  
  117  9:02  Disruptor (Chrono Boost)  
  120  9:12  Stalker x2  
  120  9:13  Stalker x2  
  128  9:20  Stalker  
  128  9:21  Stalker x2  
  134  9:25  Dark Shrine  
  134  9:38  Stalker x2  
  134  9:39  Stalker x2  
  142  9:52  Stalker  
  142  9:53  Stalker x2  
  142  9:59  Robotics Facility  
  146  10:01  Pylon  
  146  10:04  Pylon  
  138  10:30  Stalker x4  
  138  10:31  Stalker  
Show
View Real Time Build Order
Export as new Build Order

Alluton Protoss 

Build Orders: Dark Templar Rush 

Get SALT Encoding   

  12  0:00  Probe (Chrono Boost)  
  13  0:11  Probe (Chrono Boost)  
  14  0:18  Pylon  
  14  0:22  Probe (Chrono Boost)  
  15  0:36  Probe (Chrono Boost)  
  15  0:38  Gateway  
  16  0:46  Assimilator  
  16  0:47  Probe (Chrono Boost)  
  17  0:57  Probe (Chrono Boost)  
  17  0:59  Assimilator  
  18  1:05  Gateway  
  18  1:10  Probe (Chrono Boost)  
  19  1:22  Probe (Chrono Boost)  
  20  1:27  Cybernetics Core  
  21  1:32  Probe (Chrono Boost)  
  21  1:40  Pylon  
  21  1:45  Probe (Chrono Boost)  
  22  1:52  Pylon  
  22  2:04  Stalker  
  24  2:10  Stalker  
  24  2:14  Warp Gate  
  26  2:26  Twilight Council  
  26  2:28  Probe (Chrono Boost)  
  27  2:37  Stalker  
  29  2:42  Sentry  
  31  2:49  Probe (Chrono Boost)  
  32  3:16  Mothership Core (Chrono Boost)  
  32  3:19  Dark Shrine  
  32  3:34  Probe (Chrono Boost)  
  32  3:38  Pylon  
  32  3:40  Nexus  
  32  4:11  Probe (Chrono Boost)  
  33  4:22  Probe (Chrono Boost)  
  33  4:23  Robotics Facility  
  34  4:31  Pylon  
  34  4:32  Dark Templar x2  
  34  4:36  Probe (Chrono Boost)  
  38  4:46  Probe (Chrono Boost)  
  38  4:47  Gateway  
  37  4:57  Probe (Chrono Boost)  
  38  5:02  Blink (Chrono Boost)  
  38  5:05  Probe (Chrono Boost)  
  39  5:07  Probe (Chrono Boost)  
  40  5:16  Probe (Chrono Boost)  
  40  5:18  Immortal, Probe (Chrono Boost)  
  46  5:26  Probe (Chrono Boost)  
  45  5:36  Stalker  
  45  5:37  Stalker  
  49  5:43  Stalker  
  49  5:44  Probe  
  49  5:48  Probe  
  52  5:56  Pylon  
  52  5:57  Probe  
  54  5:59  Probe  
  55  6:09  Probe  
  55  6:11  Nexus  
  56  6:13  Probe  
  57  6:21  Probe  
  57  6:22  Sentry  
  57  6:23  Sentry  
  57  6:24  Probe, Stalker  
  65  6:33  Probe  
  65  6:34  Assimilator  
  65  6:35  Probe  
  65  6:36  Assimilator  
  67  6:45  Probe x2  
  68  6:49  Pylon  
  69  6:57  Probe  
  70  7:05  Probe  
  70  7:07  Pylon, Immortal  
  70  7:08  Stalker  
  77  7:09  Probe  
  78  7:17  Pylon  
  78  7:20  Forge  
  78  7:21  Probe  
  79  7:23  Robotics Bay  
  79  7:27  Stalker x2  
  79  7:29  Probe  
  83  7:30  Probe  
  83  7:31  Probe  
  86  7:42  Probe  
  86  7:43  Probe  
  86  7:49  Stalker  
  78  8:01  Stalker x2  
  78  8:04  Probe  
  81  8:06  Probe  
  81  8:08  Probe  
  83  8:13  Disruptor  
  83  8:16  Probe  
  83  8:18  Robotics Facility  
  83  8:19  Gateway, Probe  
  87  8:21  Probe  
  87  8:22  Gateway, Assimilator  
  87  8:23  Gateway  
  87  8:24  Assimilator  
  87  8:25  Protoss Ground Weapons Level 1 (Chrono Boost)  
  89  8:28  Probe  
  89  8:29  Probe  
  89  8:32  Probe  
  92  8:50  Stalker x3  
  92  8:52  Probe  
  99  8:55  Disruptor (Chrono Boost)  
  99  9:02  Probe x2  
  102  9:04  Pylon, Probe  
  105  9:10  Templar Archives, Disruptor (Chrono Boost)  
  105  9:13  Nexus  
  105  9:16  Pylon  
  108  9:30  Disruptor (Chrono Boost)  
  108  9:34  Pylon  
  108  9:37  Pylon  
  108  9:38  Disruptor  
  111  9:39  Pylon  
  111  9:41  Stalker x2  
  111  9:42  Stalker x3  
  118  9:53  Stalker  
  120  10:06  Stalker x5  
Tags
 
Add a new tag
Caveats
  • Supply blocks, unpowered buildings, or Contaminate may cause inaccurate times.
  • Supply counts are checked every 10 seconds.